 Dungeon Crawl Stone Soup version 0.30.0-5-g1a98f26d00 (webtiles) character file.

Game seed: 58155009827863367

73154 BigDaddyOpFi the Severer (level 15, 0/133 (139) HPs)
             Began as a Hill Orc Fighter on May 11, 2023.
             Was the Champion of Beogh.
             Killed from afar by a necromancer (29 damage)
             ... with a bolt of negative energy
             ... on level 15 of the Dungeon.
             The game lasted 00:51:05 (27806 turns).

BigDaddyOpFi the Severer (Hill Orc Fighter)        Turns: 27806, Time: 00:51:06

HP:   0/133 (139)   AC: 34    Str: 33    XL:     15   Next: 42%
MP:   25/25         EV: 12    Int:  8    God:    Beogh [******]
Gold: 1065          SH: 21    Dex: 10    Spells: 14/14 levels left

rFire   . . .        V - +4 war axe (heavy)
rCold   . . .        l - +0 tower shield
rNeg    . . .        u - +6 plate armour
rPois   .            b - +0 helmet
rElec   .            D - +0 cloak
rCorr   .            z - +2 pair of gloves
SInv    .            w - +2 pair of boots
Will    +....        m - amulet of reflection Stlth
                     U - +6 ring of strength
HPRegen 0.42/turn    s - +5 ring of evasion
MPRegen 0.19/turn

%: reflection
@: lethally poisoned (0 -> -1), recalling, lightly drained
A: walk on water, iridescent scales 1, sense surroundings 1
a: Renounce Religion, Smiting, Stop Recall, Give Item to Named Follower,
Resurrection


You were on level 15 of the Dungeon.
You worshipped Beogh.
Beogh was exalted by your worship.
You visited 3 branches of the dungeon, and saw 22 of its levels.
You also visited: Gauntlet.

You collected 2247 gold pieces.
You spent 1182 gold pieces at shops.

Inventory:

Hand Weapons
 d - a +0 broad axe
 F - the +3 long sword of Sang {protect, Str+4 Stlth+}
   (You found it on level 9 of the Dungeon)

   Str:       It affects your strength (+4).
   Stlth:     It makes you more stealthy.
 H - a +4 glaive
 V - a +4 heavy war axe (weapon)
 X - a +6 eveningstar of flaming
 Z - the +6 hand axe "Riax Kups" {freeze, rC+ rCorr}
   (You found it on level 5 of the Lair of Beasts)

   rC:        It protects you from cold.
   rCorr:     It protects you from acid and corrosion.
Armour
 b - a +0 helmet (worn)
 l - a +0 tower shield (worn)
 u - a +6 plate armour (worn)
 w - a +2 pair of boots (worn)
 z - a +2 pair of gloves (worn)
 D - a +0 cloak (worn)
Jewellery
 e - the ring "Atuasat" {rElec Will+++ Dex-5 SInv Stlth+}
   (You found it in a Gauntlet)

   [ring of see invisible]

   Dex:       It affects your dexterity (-5).
   rElec:     It insulates you from electricity.
   SInv:      It lets you see invisible.
   Will:      It greatly increases your willpower.
   Stlth:     It makes you more stealthy.
 m - an amulet of reflection (around neck)
 n - a ring of ice
 s - a +5 ring of evasion (right hand)
 B - a ring of protection from fire
 L - a +4 ring of protection
 T - a ring of positive energy
 U - a +6 ring of strength (left hand)
 W - a ring of flight
Wands
 f - a wand of roots (34) (quivered)
 x - a wand of polymorph (7)
 y - a wand of mindburst (7)
 C - a wand of paralysis (29)
 P - a wand of digging (12)
 R - a wand of quicksilver (16)
Scrolls
 g - a scroll of blinking
 h - 8 scrolls of fog
 k - 5 scrolls of teleportation
 t - 3 scrolls of noise
 v - 14 scrolls of identify
 E - a scroll of immolation
 G - 2 scrolls of magic mapping
 J - 5 scrolls of poison
 K - 2 scrolls of amnesia
 N - a scroll of summoning
 Y - 2 scrolls of fear
Potions
 c - a potion of heal wounds
 i - 3 potions of lignification
 j - 2 potions of flight
 o - a potion of brilliance
 p - a potion of curing
 q - 4 potions of attraction
 r - 3 potions of magic
 A - 2 potions of mutation
 I - 2 potions of haste
 M - a potion of berserk rage {unknown}
 O - a potion of cancellation
 Q - 2 potions of ambrosia
Miscellaneous
 a - a condenser vane


   Skills:
 + Level 14.3 Fighting
 - Level 6.8 Short Blades
 * Level 17.3 Axes
 + Level 13.2 Armour
 + Level 13.3 Shields
 + Level 13.4 Invocations


You had 14 spell levels left.
You didn't know any spells.
Your spell library contained the following spells:

 Spells                   Type           Power      Damage    Failure   Level
 Freeze                   Ice            0%         1d3       99%         1
 Magic Dart               Conj           0%         1d3       99%         1
 Blink                    Tloc           0%         N/A       100%        2
 Lesser Beckoning         Tloc           0%         N/A       100%        2
 Momentum Strike          Conj/Tloc      0%         3d8       100%        2
 Searing Ray              Conj           0%         2d4       100%        2
 Frozen Ramparts          Ice            0%         1d1       100%        3
 Hailstorm                Conj/Ice       0%         3d3       100%        3
 Vhi's Electric Charge    Tloc/Air       0%         N/A       100%        3
 Volatile Blastmotes      Fire/Tloc      0%         2d10      100%        3
 Animate Dead             Necr           0%         N/A       100%        4
 Fulminant Prism          Conj/Hex       0%         3d5       100%        4
 Iskenderun's Mystic Bla  Conj/Tloc      0%         2d3       100%        4
 Summon Ice Beast         Ice/Summ       0%         N/A       100%        4
 Summon Lightning Spire   Summ/Air       0%         N/A       100%        4
 Arcjolt                  Conj/Air       0%         1d10      100%        5
 Borgnjor's Vile Clutch   Necr/Erth      0%         N/A       100%        5
 Lee's Rapid Deconstruct  Erth           0%         3d4*      100%        5
 Summon Mana Viper        Hex/Summ       0%         N/A       100%        5
 Death Channel            Necr           0%         N/A       100%        6
 Malign Gateway           Summ/Tloc      0%         N/A       100%        7
 Monstrous Menagerie      Summ           0%         N/A       100%        7
 Storm Form               Tmut/Air       0%         N/A       100%        7
 Maxwell's Capacitive Co  Air            0%         ∞         100%        8
 Summon Horrible Things   Summ           0%         N/A       100%        8


Dungeon Overview and Level Annotations

Branches:
Dungeon (15/15)            Temple (0/1) D:7            Lair (5/5) D:10
 Shoals (0/4) Lair:2       Spider (0/4) Lair:2        Slime (0/5) Lair:5
    Orc (2/2) D:10            Elf (0/3) Orc:2        Vaults (0/5) D:13
Gauntlet (visited)
 Depths: D:15

Altars:
Cheibriados
Nemelex Xobeh
Sif Muna
Trog
Vehumet
Beogh
Jiyva

Shops:
D:7 ?(   D:14 ?   Orc:2 [:?!(

Portals:
Pandemonium: Orc:2

Annotations:
D:9 1 runed translucent door, Kranky's ghost, novice MiBe


Innate Abilities, Weirdness & Mutations

You can walk on water.
You are partially covered in iridescent scales. (AC +2)
You passively map a small area around you.


Message History

Unknown command.
You closely miss the meliai simulacrum.
The meliai simulacrum is severely damaged.
Your orc priest is recalled.
You feel sick.
The meliai simulacrum hits you but does no damage.
You block the meliai simulacrum's attack.
You hear a crossbow thunk.
The bolt completely misses the tengu conjurer.
A bolt appears from out of your range of vision.
Your orc priest goes into a battle-frenzy!
The meliai simulacrum moves out of view.
You barely miss the tengu conjurer.
The tengu conjurer is moderately wounded.
Your orc warrior is recalled.
You feel sick.
The orc sorcerer mumbles some strange words.
The ogre barely misses something.
Your orc warrior misses the tengu conjurer.
Something hits the tengu conjurer but does no damage.
Bogrim roars a battlecry!
Your orc warriors go into a battle-frenzy!
You block the tengu conjurer's attack. x3
A wizard comes into view. It is wielding a +0 dagger.
You slice the tengu conjurer!!
You kill the tengu conjurer!
Beogh accepts your kill.
Your orc warrior is recalled.
You feel sick.
The tengu warrior's soul is no longer bound.
Your orc warrior goes into a battle-frenzy!
Your orc priest mumbles some strange prayers to Beogh against something.
Bogrim roars a battlecry!
The orc sorcerer gestures wildly while chanting.
The necromancer casts a spell at you.
The bolt of negative energy hits your orc warrior!!
Your orc warrior is drained!
Your orc warrior dies!
The bolt of negative energy hits you!!
You feel drained.
You die...

* .., , $..........## *
. #.<.........^ ** , ,
#. #..........## .,
#.##### #..........# *
..#....o# #..........#
* #.#o#oo# #..........#
*
,#ooo#o####..........##
,
#ooooo#oo.....).....†.
,,
,#⌠oo#@oooo..........##
,,
####)####.).........#


Qp# , #...........# po#. #...........# ... # #...........# .. , ,#.#.#........#
,., , ..#............. * ##.#....######### # #...## You could see a tengu
warrior, a necromancer (ally target), a wizard (soul bound), an orc sorcerer
(soul bound), a friendly orc warlord (strong), the friendly Bogrim the orc
warlord (strong), the friendly Arbolt the orc knight (strong), the friendly
Bogmar the orc high priest (strong, very poisoned), a friendly orc sorcerer
(strong), 9 friendly orc warriors, 2 friendly orc priests, 2 friendly orc
wizards and a friendly orc (strong).

Vanquished Creatures
  Frances (D:13)
  A minotaur (Gauntlet)
  An entropy weaver (Gauntlet)
  2 centaur warriors (D:14)
  A hydra (Lair:4)
  2 death knights
  A catoblepas (D:14)
  An ice dragon (Lair:5)
  3 death yaks (Lair:5)
  2 two-headed ogres (D:15)
  2 orc high priests (Orc:2)
  A soul eater (Gauntlet)
  2 skeletal warriors (D:13)
  3 deep trolls
  2 lindwurms (Lair:5)
  An orc knight (Orc:2)
  A wolf spider (Lair:2)
  A deep elf pyromancer (D:14)
  8 ugly things (D:15)
  An orc sorcerer (Orc:2)
  An oklob plant (Lair:4)
  3 manticores
  3 cyclopes
  A rust devil (Orc:2)
  An orange demon (Orc:2)
  A torpor snail (Lair:5)
  8 cane toads
  An efreet (D:13)
  A rime drake (Lair:3)
  3 kobold demonologists
  A freezing wraith (D:14)
  A tengu conjurer (D:15)
  5 polar bears
  2 trolls
  A tyrant leech (Lair:5)
  6 hornets
  A raiju (Lair:5)
  4 blink frogs
  2 jumping spiders (Gauntlet)
  7 slime creatures
  Sigmund (D:6)
  2 wraiths
  A wyvern (D:9)
  Grum (Lair:1)
  8 yaks
  A steam dragon (D:9)
  8 vampire mosquitoes
  A warg (Orc:2)
  2 acid dragons
  8 hell hounds
  6 water moccasins
  4 black bears (Lair:5)
  3 ice beasts
  A sky beast (D:7)
  8 orc warriors
  6 ogres
  20 wolves
  3 centaurs
  A phantom (D:5)
  3 kobold brigands
  6 bullfrogs
  6 scorpions
  A gnoll sergeant (D:8)
  8 wights
  4 killer bees (D:10)
  6 howler monkeys
  A gnoll bouda (D:8)
  2 hounds
  2 jellies
  8 orc priests
  5 iguanas
  10 orc wizards
  Robin (D:2)
  20 gnolls
  3 adders
  4 shadow imps
  2 dart slugs
  24 orcs
  A bat (D:2)
  4 endoplasms
  3 giant cockroaches
  11 hobgoblins
  8 jackals
  7 quokkas
  5 ball pythons
  5 frilled lizards (D:1)
  11 goblins
  20 kobolds
  3 rats
369 creatures vanquished.

Vanquished Creatures (collateral kills)
  Rupert (Lair:3)
  Kirke (D:13)
  An ettin (D:15)
  An ogre mage (D:15)
  3 hydras
  A demonspawn (Orc:2)
  An anaconda (Lair:5)
  4 boulder beetles
  6 death yaks (Lair:5)
  3 two-headed ogres
  3 orc high priests (Orc:2)
  Urug (Lair:4)
  3 skysharks
  4 skeletal warriors (D:13)
  2 lindwurms (Lair:5)
  2 orc knights (Orc:2)
  2 phantasmal warriors
  A necromancer (D:13)
  2 orc sorcerers (Orc:2)
  2 manticores
  A wolf spider (Lair:2)
  An oklob plant (Lair:3)
  A cyclops (D:13)
  A rust devil (Orc:2)
  4 black mambas
  6 slime creatures (D:12)
  4 torpor snails (Lair:5)
  9 cane toads
  An orange demon (Orc:2)
  3 rime drakes
  6 komodo dragons
  A freezing wraith (D:13)
  5 trolls
  4 hornets (Lair:5)
  2 meliai (D:15)
  7 polar bears
  2 tyrant leeches (Lair:5)
  10 blink frogs
  2 raiju (Lair:5)
  3 wyverns
  4 basilisks
  A vampire (D:12)
  2 wraiths
  2 hogs (D:13)
  15 yaks
  5 vampire mosquitoes
  4 wargs (Lair:5)
  8 hell hounds (Lair:5)
  6 water moccasins
  9 orc warriors
  8 black bears
  2 ogres
  10 wolves
  A centaur (D:14)
  3 gnoll sergeants (D:10)
  4 bullfrogs
  2 wights (D:10)
  A killer bee (D:10)
  A howler monkey (D:9)
  A gnoll bouda (Orc:1)
  4 orc priests
  5 orc wizards
  5 hell rats (Lair:5)
  8 gnolls
  11 orcs
239 creatures vanquished.

Vanquished Creatures (others)
  An orc warlord (D:13)
  2 orc knights
  An orc high priest (Orc:2)
  An orc sorcerer (Orc:2)
  A blink frog (Lair:5)
  11 orc warriors
  An acid dragon (D:9)
  10 orc priests
  A wight (D:9)
  4 orc wizards
  36 orcs
  A spectral weapon (D:13)
70 creatures vanquished.

Grand Total: 678 creatures vanquished

Notes
Turn   | Place    | Note
-------+----------+-------------------------------------------
     0 | D:1      | BigDaddyOpFi the Hill Orc Fighter began the quest for the
                  | Orb.
     0 | D:1      | Reached XP level 1. HP: 19/19 MP: 1/1
    51 | D:1      | Reached XP level 2. HP: 27/27 MP: 2/2
    65 | D:1      | Reached skill level 3 in Axes
   347 | D:1      | Reached XP level 3. HP: 33/33 MP: 3/3
   615 | D:2      | Noticed Robin
   634 | D:2      | Killed Robin
   743 | D:2      | Reached XP level 4. HP: 37/40 MP: 4/4
   897 | D:2      | Identified the +11 dagger of Disgust {heavy, rC+ Dex+4}
  1702 | D:3      | Found a faded altar of an unknown god.
  1707 | D:3      | Became a worshipper of Beogh the Brigand
  1997 | D:4      | Reached skill level 1 in Short Blades
  1997 | D:4      | Reached XP level 5. HP: 46/47 MP: 5/5
  2158 | D:4      | Reached skill level 5 in Fighting
  2158 | D:4      | Reached XP level 6. HP: 37/56 MP: 4/6
  2242 | D:4      | You fall into a shaft and drop 2 floors!
  2294 | D:6      | Reached skill level 5 in Shields
  2319 | D:6      | Reached skill level 5 in Armour
  2319 | D:6      | Reached XP level 7. HP: 23/61 MP: 5/7
  2573 | D:5      | Entered Level 5 of the Dungeon
  2692 | D:4      | Reached * piety under Beogh
  3112 | D:4      | Reached XP level 8. HP: 63/71 MP: 8/8
  3696 | D:6      | Noticed Sigmund
  3702 | D:6      | Killed Sigmund
  4308 | D:6      | Reached ** piety under Beogh
  4436 | D:6      | Identified the +1 robe of Orices Riqi {Will+}
  4821 | D:7      | Reached XP level 9. HP: 75/79 MP: 9/9
  4927 | D:7      | Reached skill level 5 in Short Blades
  4927 | D:7      | Reached skill level 1 in Invocations
  4953 | D:7      | Found a staircase to the Ecumenical Temple.
  5054 | D:7      | Found a radiant altar of Vehumet.
  5145 | D:7      | Found Ixiwesim's Magic Scroll Boutique.
  5231 | D:7      | Found Xiloub's Hydra Hut.
  5236 | D:7      | Noticed a six-headed hydra
  5383 | D:8      | Noticed a kobold demonologist
  5387 | D:8      | Gained mutation: You are partially covered in iridescent
                  | scales. (AC +2) [potion of mutation]
  5387 | D:8      | Gained mutation: You passively map a small area around you.
                  | [potion of mutation]
  5391 | D:8      | Noticed a kobold demonologist
  5403 | D:8      | Killed a kobold demonologist
  5409 | D:8      | Noticed a hellwing
  5416 | D:8      | Killed a kobold demonologist
  5511 | D:8      | Noticed a hornet
  5516 | D:8      | Paralysed by a hornet for 3 turns
  5527 | D:9      | Killed a hornet
  5530 | D:9      | Identified the +3 long sword of Sang {protect, Str+4
                  | Stlth+}
  5530 | D:9      | Noticed a hornet
  5540 | D:9      | Killed a hornet
  5943 | D:8      | Noticed a kobold demonologist
  6429 | D:8      | Noticed a red devil
  6436 | D:7      | Reached XP level 10. HP: 71/90 MP: 11/13
  6437 | D:7      | Reached *** piety under Beogh
  6443 | D:7      | Noticed a soul eater
  6445 | D:7      | Killed a kobold demonologist
  7156 | D:8      | Reached skill level 5 in Invocations
  8380 | D:9      | Reached skill level 4 in Axes
  8524 | D:9      | Found a runed translucent door.
  8525 | D:9      | Noticed Kranky's ghost (novice MiBe)
  8715 | D:10     | Entered Level 10 of the Dungeon
  8715 | D:10     | Found a bloodstained altar of Trog.
  8872 | D:10     | Reached skill level 5 in Axes
  8881 | D:10     | Reached **** piety under Beogh
  9226 | D:10     | Identified the +1 chain mail of the Planets {rF++}
  9395 | D:10     | Gained Arbolt as an ally
  9687 | D:10     | Found a staircase to the Orcish Mines.
  9752 | D:10     | Found a staircase to the Lair.
  9799 | D:10     | Found a sparkling altar of Nemelex Xobeh.
  9824 | D:10     | Reached XP level 11. HP: 99/99 MP: 16/16
  9837 | D:10     | Gained Margrim as an ally
 10101 | D:10     | Identified the +7 spear of Crusades {drain, MP+9}
 10551 | Lair:1   | Entered Level 1 of the Lair of Beasts
 10564 | Lair:1   | Reached skill level 6 in Axes
 10910 | Lair:1   | Reached skill level 10 in Fighting
 11422 | Lair:1   | Reached skill level 7 in Axes
 11809 | Lair:1   | Noticed Grum
 11816 | Lair:1   | Killed Grum
 11818 | Lair:1   | Reached ***** piety under Beogh
 11869 | Lair:1   | Reached skill level 8 in Axes
 12096 | Lair:2   | Found a hole to the Spider Nest.
 12187 | Lair:2   | Noticed a boulder beetle
 12198 | Lair:2   | Gained Agrik as an ally
 12199 | Lair:2   | Noticed a wolf spider
 12205 | Lair:2   | Killed a wolf spider
 12206 | Lair:2   | Reached skill level 9 in Axes
 12206 | Lair:2   | Reached skill level 10 in Shields
 12233 | Lair:2   | Killed a boulder beetle
 12357 | Lair:2   | Noticed a wolf spider
 12361 | Lair:2   | Killed a wolf spider
 12362 | Lair:2   | Reached skill level 10 in Armour
 12433 | Lair:2   | Reached XP level 12. HP: 92/108 MP: 16/18
 12440 | Lair:2   | Noticed a six-headed hydra
 12445 | Lair:2   | Killed an eight-headed hydra
 12727 | Lair:2   | Found a staircase to the Shoals.
 13282 | Lair:3   | Reached skill level 10 in Axes
 13433 | Lair:3   | Noticed a six-headed hydra
 13433 | Lair:3   | Noticed a boulder beetle
 13438 | Lair:3   | Killed a seven-headed hydra
 13447 | Lair:3   | Killed a boulder beetle
 13919 | Lair:3   | Noticed Rupert
 13923 | Lair:3   | Paralysed by Rupert for 2 turns
 13925 | Lair:3   | Killed Rupert
 14348 | Lair:3   | Reached skill level 11 in Axes
 14771 | Lair:4   | Noticed a skyshark
 14776 | Lair:4   | Killed a skyshark
 15066 | Lair:4   | Found a shimmering blue altar of Sif Muna.
 15102 | Lair:4   | Noticed a six-headed hydra
 15107 | Lair:4   | Killed an eight-headed hydra
 15155 | Lair:4   | Noticed Urug
 15162 | Lair:4   | Killed Urug
 15168 | Lair:4   | Reached skill level 10 in Invocations
 15198 | Lair:4   | Reached skill level 12 in Axes
 16104 | Lair:5   | Entered Level 5 of the Lair of Beasts
 16104 | Lair:5   | Noticed an eight-headed hydra
 16107 | Lair:5   | Found a frozen archway.
 16109 | Lair:5   | Killed an eight-headed hydra
 16112 | Lair:5   | Reached XP level 13. HP: 92/117 MP: 18/20
 16634 | Lair:5   | Found a viscous altar of Jiyva.
 16637 | Lair:5   | Found a staircase to the Slime Pits.
 16644 | Lair:5   | Reached skill level 13 in Axes
 16746 | Lair:5   | Found a snail-covered altar of Cheibriados.
 16847 | Lair:5   | Identified the +6 hand axe "Riax Kups" {freeze, rC+ rCorr}
 16989 | Lair:5   | Found a runed translucent door.
 16990 | Lair:5   | Noticed an ice dragon
 17482 | Lair:5   | Reached ****** piety under Beogh
 17970 | Lair:5   | Your ally Margrim died
 18280 | Lair:5   | Reached skill level 14 in Axes
 19114 | Lair:5   | Killed an ice dragon
 19115 | Lair:5   | Reached XP level 14. HP: 127/127 MP: 15/22
 19360 | Orc:1    | Entered Level 1 of the Orcish Mines
 19923 | Orc:2    | Entered Level 2 of the Orcish Mines
 19943 | Orc:2    | Noticed an orc warlord
 20475 | Orc:2    | Noticed an orc warlord
 20555 | Orc:2    | Found a dark tunnel.
 20637 | Orc:2    | Found a staircase to the Elven Halls.
 21018 | Orc:2    | Found Bany's Distillery.
 21019 | Orc:2    | Found Saxuto Haal's Magic Scroll Shop.
 21163 | Orc:2    | HP: 4/129 [orc knight/+0 halberd (20)]
 21498 | Orc:2    | Found Wuzer's Antique Weapon Boutique.
 21502 | Orc:2    | Bought a glowing war axe for 195 gold pieces
 21502 | Orc:2    | Bought a slimy spear for 240 gold pieces
 21502 | Orc:2    | Identified the +6 spear of Zeeses {spect, rF+ Str+3} (You
                  | bought it in a shop on level 2 of the Orcish Mines)
 21573 | Orc:2    | Reached skill level 15 in Axes
 21584 | Orc:2    | Found Peanlups's Antique Armour Emporium.
 21584 | Orc:2    | Found Piafy's Book Shoppe.
 21591 | Orc:2    | Gained Bogrim as an ally
 21916 | Orc:2    | Found a one-way gate leading to the halls of Pandemonium.
 21918 | Orc:2    | Bought a pair of embroidered boots for 225 gold pieces
 21960 | Orc:2    | Bought a scroll of teleportation for 48 gold pieces
 21960 | Orc:2    | Bought a scroll of teleportation for 48 gold pieces
 22253 | Orc:1    | Found a roughly hewn altar of Beogh.
 22572 | Orc:1    | Found a roughly hewn altar of Beogh.
 25000 | D:13     | Found a gate to the Vaults.
 25130 | D:13     | Noticed Frances
 25133 | D:13     | Reached skill level 16 in Axes
 25140 | D:13     | Killed Frances
 25798 | D:13     | Noticed Kirke
 25805 | D:13     | Killed Kirke
 25926 | D:13     | Found a shimmering blue altar of Sif Muna.
 26052 | D:14     | Reached XP level 15. HP: 124/137 MP: 24/24
 26108 | D:14     | Found Qonux's Magic Scroll Shoppe.
 26114 | D:14     | Bought a scroll of enchant armour for 142 gold pieces
 26114 | D:14     | Bought a scroll of enchant armour for 142 gold pieces
 26114 | D:14     | Bought a scroll of enchant armour for 142 gold pieces
 26350 | D:14     | Found a gate leading to a gauntlet.
 26363 | Gauntlet | Entered a Gauntlet
 26363 | Gauntlet | Found a transporter.
 26382 | Gauntlet | Found a transporter.
 26385 | Gauntlet | Found a transporter.
 26428 | Gauntlet | Found a transporter.
 26444 | Gauntlet | Found a runed translucent door.
 26448 | Gauntlet | Found a transporter.
 26448 | Gauntlet | Found a transporter.
 26460 | Gauntlet | Found a transporter.
 26478 | Gauntlet | Found a runed translucent gate.
 26479 | Gauntlet | Found a transporter.
 26479 | Gauntlet | Found a runed translucent gate.
 26480 | Gauntlet | Found a runed translucent gate.
 26489 | Gauntlet | Found a transporter.
 26499 | Gauntlet | Found a transporter.
 26519 | Gauntlet | Found a transporter.
 26533 | Gauntlet | Found a transporter.
 26611 | Gauntlet | Found a transporter.
 26611 | Gauntlet | Found a transporter.
 26836 | Gauntlet | Identified the ring "Atuasat" {rElec Will+++ Dex-5 SInv
                  | Stlth+}
 26922 | Gauntlet | Identified the staff of earth "Keilamn" {Str+3 Dex+2}
 26922 | Gauntlet | Identified the staff of air "Oczoycorph" {rElec Will++ MP+9
                  | Str-2 SInv}
 27556 | D:15     | Entered Level 15 of the Dungeon
 27634 | D:15     | Reached skill level 17 in Axes
 27797 | D:15     | Gained Bogmar as an ally
 27806 | D:15     | Killed from afar by a necromancer

Illustrated notes

Levels and vault maps discovered:
D:1:      wander_arrival_fairy_ring, layout_basic, minmay_lizard_pond
D:2:      layout_basic, nicolae_kite_square_tiling_tiny, uniq_robin
D:3:      layout_rooms, hellmonk_ecumenical_altar_lost_god
D:4:      layout_loops_cross
D:5:      layout_gridville
D:6:      layout_basic, kennysheep_cross_bottleneck, minmay_misc_feat_doors,
          uniq_sigmund
D:7:      layout_cave_pools, nicolae_vehumet_altar_sigil,
          minmay_temple_entry_waves, serial_column_ruins,
          column_ruins_hut_pillars, column_ruins_hut, column_ruins_grid_2,
          column_ruins_open_tiny, column_ruins_open_tiny, column_ruins_grid_1,
          nicolae_stop_n_shop_2, doesnt_shop_hydraphobe
D:8:      layout_rooms
D:9:      layout_gridville, gammafunk_ghost_grave
D:10:     layout_long_grid, mainiacjoe_overflow_alcove_1, trog_ov_bears_minmay,
          lair_entry_dummy, orc_0_dummy
D:11:     layout_cave_pods, serial_column_ruins, column_ruins_pillar_7,
          column_ruins_pillar_11, column_ruins_pillar_2, column_ruins_pillar_3,
          column_ruins_pillar_4, column_ruins_pillar_6, column_ruins_pillar_2,
          column_ruins_pillar_4, column_ruins_pillar_7, column_ruins_pillar_6
D:12:     layout_cave_pods
D:13:     layout_loops_cross, david_vaults_4, kennysheep_orc_sif_temple,
          uniq_kirke, uniq_frances
D:14:     layout_basic, nicolae_figureground_sparkle, gauntlet_entry_generic,
          serial_shops, shop
D:15:     hangedman_depths_entry_civil_slaughter, layout_small_grid,
          xom_teletrap_fun, drop_trap
Lair:1:   layout_regular_city, grunt_megastairs_1, uniq_grum
Lair:2:   layout_cave_shapes, shoals_dummy_entry, spider_nest_entry_web_field,
          nicolae_lair_run_with_the_wolves, serial_bayou_shore_a
Lair:3:   layout_chaotic_city, nicolae_lair_lil_pond, grunt_megastairs_3,
          uniq_rupert
Lair:4:   layout_layer_cave, lemuel_oklob_altar, infiniplex_staircase_pool_2,
          uniq_urug
Lair:5:   hangedman_lair_caniforms_friends, layout_cave_pods, wormcave,
          slime_entry_1, basic_altar, portal_ice_cave_entry_pillars_1,
          lemuel_fruit_tree
Orc:1:    layout_caves, basic_altar, mines2_david
Orc:2:    pf_orc_diabolical, layout_diamond_mine, serial_shops,
          nicolae_shop_peninsula, enter_volcano_3, nicolae_orc_tapped_out

Skill      XL: |  1  2  3  4  5  6  7  8  9 10 11 12 13 14 15 |
---------------+----------------------------------------------+-----
Axes           | 3 5 9 12 14 16 17 | 17.3
Fighting       | 4 5 6 7 8 9 10 11 12 13 14 | 14.3
Shields        | 4 5 7 8 9 10 11 12 13 | 13.3
Armour         | 4 5 6 7 9 10 11 12 13 | 13.2
Short Blades   | 1 2 3 4 6 |  6.8
Invocations    | 4 6 8 10 11 12 13 | 13.4

Action                     |  1- 3 |  4- 6 |  7- 9 | 10-12 | 13-15 || total
---------------------------+-------+-------+-------+-------+-------++-------
  Melee: War axe           |    64 |    14 |       |   208 |   418 ||   704
         Dagger            |       |    69 |   230 |   131 |       ||   430
         Eveningstar       |       |       |       |     4 |       ||     4
 Invoke: Convert to Beogh  |       |     1 |       |       |       ||     1
         Recall Orcish Fol |       |       |       |     6 |     9 ||    15
         Smiting           |       |       |       |       |     2 ||     2
         Stop Recall       |       |       |       |       |     5 ||     5
         Give Item to Name |       |       |       |       |     1 ||     1
         Resurrection      |       |       |       |       |     1 ||     1
    Use: Potion            |     2 |       |     5 |    15 |    10 ||    32
         Scroll            |       |     3 |    13 |     5 |    11 ||    32
   Stab: Invisible         |     1 |       |       |       |     5 ||     6
         Distracted        |       |       |       |     1 |       ||     1
 Armour: Scale mail        |    36 |    23 |       |       |       ||    59
         Plate armour      |       |    16 |   190 |   315 |   234 ||   755
         Skin              |       |       |       |    41 |       ||    41
  Dodge: Dodged            |    33 |    32 |    85 |   160 |   128 ||   438
  Block: Buckler           |    21 |    24 |   103 |    87 |       ||   235
         Tower shield      |       |       |       |   313 |   553 ||   866
         Reflection        |       |       |       |     1 |    22 ||    23
